 Dungeon Crawl Stone Soup version 0.28-a0-998-gb9e9c7b67e (webtiles) character file.

Game seed: 621650797506069979

39 ytrimaz the Insei (level 3, -2/23 HPs)
             Began as an Octopode Transmuter on Dec 5, 2021.
             Was a Follower of Cheibriados.
             Slain by a gnoll (6 damage)
             ... on level 2 of the Dungeon.
             The game lasted 00:01:27 (911 turns).

ytrimaz the Insei (Octopode Transmuter)              Turns: 911, Time: 00:01:28

Health: -2/23      AC:  1    Str: 12    XL:     3   Next: 47%
Magic:  6/6        EV: 13    Int: 20    God:    Cheibriados [*.....]
Gold:   91         SH:  0    Dex: 15    Spells: 5/6 levels left

rFire   . . .      SeeInvis .     - Unarmed
rCold   . . .      Faith    .   (no shield)
rNeg    . . .      Spirit   .   (helmet restricted)
rPois   .          Reflect  .   (no amulet)
rElec   .          Harm     .   (no ring)
rCorr   .          Rampage  .   (no ring)
Will    .....                   (no ring)
Stlth   ++........              (no ring)
HPRegen 0.07/turn               (no ring)
MPRegen 0.10/turn               (no ring)
                                (no ring)
                                (no ring)

@: confused, mighty, lethally poisoned (-2 -> -16), ambrosia-drunk, attractive,
very slow
A: almost no armour, amphibious, 8 rings, camouflage 1, gelatinous body 1,
(nimble swimmer 1), tentacles
a: Renounce Religion, Bend Time


You were on level 2 of the Dungeon.
You worshipped Cheibriados.
Cheibriados was aware of your devotion.
You visited 1 branch of the dungeon, and saw 2 of its levels.

You collected 91 gold pieces.

Inventory:

Scrolls
 e - a scroll of teleportation
 f - a scroll of blinking {unknown}
Potions
 b - a potion of might
 d - a potion of magic {unknown}


   Skills:
 * Level 1.4 Fighting
 - Level 2.0 Dodging
 + Level 3.6 Unarmed Combat
 + Level 2.2 Spellcasting
 + Level 2.2 Transmutations
 * Level 1.0 Invocations


You had 5 spell levels left.
You knew the following spells:

 Your Spells              Type           Power      Damage    Failure   Level
a - Beastly Appendage     Tmut           22%        N/A       6%          1

Your spell library contained the following spells:

 Spells                   Type           Power      Damage    Failure   Level
 Wereblood                Tmut           11%        N/A       10%         2
 Summon Small Mammal      Summ           8%         N/A       16%         1
 Spider Form              Tmut/Pois      6%         N/A       28%         3
 Ice Form                 Ice/Tmut       6%         N/A       67%         4
 Leda's Liquefaction      Hex/Erth       1%         N/A       83%         4
 Monstrous Menagerie      Summ           1%         N/A       100%        7
 Summon Hydra             Summ           1%         N/A       100%        7


Dungeon Overview and Level Annotations

Branches:
Dungeon (2/15)

Altars:
Cheibriados


Innate Abilities, Weirdness & Mutations

You cannot wear most types of armour.
You are amphibious.
You can wear up to eight rings at the same time.
Your skin changes colour to match your surroundings (Stealth+).
Your rubbery body absorbs attacks. (AC +1, EV +1)
((You are camouflaged near water. (Stealth+)))
You have tentacles for arms and can constrict up to eight enemies at once.


Message History

You constrict the gnoll. The gnoll closely misses you.
You completely miss the gnoll.
You pierce the gnoll, but do no damage.
You tentacle-slap the gnoll.
You squeeze the gnoll, but do no damage.
The gnoll is almost dead.
You constrict the gnoll.
You kill the gnoll!
Cheibriados appreciates the change of pace.
You barely miss the gnoll. You grab the gnoll.
You squeeze the gnoll, but do no damage.
You constrict the gnoll, but do no damage.
The gnoll hits you with a +0 flail.
You tentacle-slap the gnoll. You squeeze the gnoll.
The gnoll is lightly wounded.
You constrict the gnoll.
The gnoll hits you from afar with a +2 spear of venom!
* * * LOW HITPOINT WARNING * * *
You are lethally poisoned!
Unknown command.
You are confused.
You feel invigorated.
You constrict the gnoll, but do no damage.
* * * LOW HITPOINT WARNING * * *
You feel sick. The gnoll misses you.
The gnoll hits you from afar with a +2 spear of venom.
* * * LOW HITPOINT WARNING * * *
You are more poisoned.
It was a potion of might.
You feel very mighty all of a sudden.
Your tentacle spike disappears.
You constrict the gnoll.
* * * LOW HITPOINT WARNING * * *
You feel very sick. The gnoll barely misses you. The gnoll closely misses you.
It was a potion of attraction.
You feel attractive to monsters.
You constrict the gnoll.
* * * LOW HITPOINT WARNING * * *
You feel very sick. The gnoll hits you with a +0 flail.
You die...

****** ####### ,,,,,* #......
****,* #.###'' ****,*********
#.#.... *,,,,,,,,,,,,* #.#.#..
,,,,,,******,* #.+..##
*,**,,***###.######### #.+..##
,,,*,,*,,.....gg@....######.#.#..
*,,*,,*,*###.#######........#.(†.
*,,*,,,,** *,* #.##########''
,,,,>,,,,* *,* #.# #.#...
,>,,,**,,* *,******#.#* #...##
,,,,,,,,,* *,,,,,,,...######.####
*,,,***,,* ********#.............
**,** *,,* *****#..#####.#...>
**,* *,,* *,,,,...# #.#.##.


You could see 2 gnolls.

Vanquished Creatures
  2 gnolls (D:2)
  A worm (D:2)
  3 endoplasms
  A giant cockroach (D:2)
  3 goblins
  A hobgoblin (D:2)
  A ball python (D:1)
  2 bats (D:1)
  A frilled lizard (D:1)
  A kobold (D:1)
  3 rats
19 creatures vanquished.

Notes
Turn   | Place    | Note
-------+----------+-------------------------------------------
     0 | D:1      | ytrimaz the Octopode Transmuter began the quest for the
                  | Orb.
     0 | D:1      | Reached XP level 1. HP: 13/13 MP: 3/3
    26 | D:1      | Found a faded altar of an unknown god.
    32 | D:1      | Prayed at the altar of an unknown god.
    32 | D:1      | Became a worshipper of Cheibriados the Contemplative
    32 | D:1      | Reached * piety under Cheibriados
   175 | D:1      | Got the Grimoire of Supportive Clay
   333 | D:1      | Reached XP level 2. HP: 18/18 MP: 5/5
   901 | D:2      | Reached skill level 1 in Invocations
   901 | D:2      | Reached XP level 3. HP: 23/23 MP: 3/6
   911 | D:2      | Slain by a gnoll

Illustrated notes

Levels and vault maps discovered:
D:1:      dpeg_arrival_pond, layout_basic,
          dreamdust_ecumenical_altar_angels_and_demons, minmay_statues_item,
          minmay_tripent
D:2:      layout_loops_ring, minivault_25, kennysheep_generic_room_15

Skill      XL: |  1  2 |
---------------+-------+-----
Invocations    | 1 |  1.0
Fighting       | |  1.4
Dodging        | |  2.0
Unarmed Combat | |  3.6
Spellcasting   | |  2.2
Transmutations | |  2.2

Action                   || total
-------------------------++-------
Melee: Unarmed           ||    42
       Constrict         ||     9
       Tentacles         ||     8
       Kick              ||     5
       Punch             ||     1
 Cast: Beastly Appendage ||     8
  Use: Scroll            ||     5
       Potion            ||     3
 Stab: Sleeping          ||     4
Dodge: Dodged            ||    30

Table legend: (Time is in decaauts)
 A = Elapsed time spent in this place.
 B = Non-inter-level travel time spent in this place.
 C = Inter-level travel time spent in this place.
 D = Time resting spent in this place.
 E = Time spent auto-exploring this place.
 F = Levels seen in this place.
 G = Mean time per level.
                   A        B        C        D        E       F      G
               +--------+--------+--------+--------+--------+-----+--------+
         Total |   1129 |   1108 |     21 |      0 |    896 |   2 |  564.5 |
       Dungeon |   1129 |   1108 |     21 |      0 |    896 |   2 |  564.5 |
               +--------+--------+--------+--------+--------+-----+--------+

Top non-repeatable levels by time:
     D:1: 838 daAuts
     D:2: 290 daAuts
